 Dungeon Crawl Stone Soup version 0.28-a0-872-g80cf8599ee (webtiles) character file.

Game seed: 17952971018345629403

7 croobank the Sneak (level 1, -10/18 HPs)
             Began as a Demigod Delver on Nov 20, 2021.
             Mangled by an ogre (17 damage)
             ... on level 3 of the Dungeon.
             The game lasted 00:03:38 (157 turns).

croobank the Sneak (Demigod Delver)                  Turns: 157, Time: 00:03:38

Health: -10/18     AC:  3    Str: 13    XL:     1   Next: 66%
Magic:  3/3        EV: 11    Int: 12    God:
Gold:   0          SH:  0    Dex: 15    Spells: 0/0 levels left

rFire   . . .      SeeInvis .   a - +0 hand axe
rCold   . . .      Faith    .   (no shield)
rNeg    . . .      Spirit   .   b - +0 leather armour
rPois   .          Reflect  .   (no helmet)
rElec   .          Harm     .   (no cloak)
rCorr   .          Rampage  .   (no gloves)
Will    .....                   (no boots)
Stlth   +++.......              (no amulet)
HPRegen 0.06/turn               (no ring)
MPRegen 0.08/turn               (no ring)

@: hasted, very quick
A: high mp 1, forlorn
a: no special abilities


You were on level 3 of the Dungeon.
You visited 1 branch of the dungeon, and saw 3 of its levels.

Inventory:

Hand Weapons
 a - a +0 hand axe (weapon)
Armour
 b - a +0 leather armour (worn)
Wands
 g - a wand of digging (1)
 h - a wand of flame (22)
Scrolls
 c - a scroll of fog


   Skills:
 + Level 2.8 Fighting
 + Level 1.7 Axes
 + Level 1.7 Dodging
 + Level 4.7 Stealth


You couldn't memorise any spells.
You didn't know any spells.
Your spell library was empty.

Dungeon Overview and Level Annotations

Branches:
Dungeon (5/15)
 Temple: D:4-7

Shops:
D:4 :(


Innate Abilities, Weirdness & Mutations

Your attributes grow dramatically as you level up.
You have an increased reservoir of magic. (+10% MP)
You shall have no god before yourself.


Message History

The centaur skeleton kicks you.
Aiming: Dig
Press: ? - help, Shift-Dir - straight line A rock wall.
The rock shatters into small pieces.
A quokka comes into view.
Found a stone staircase leading down.
You barely miss the quokka. You hit the centaur skeleton.
The quokka barely misses you.
The centaur skeleton hits you but does no damage.
The centaur skeleton barely misses you.
You closely miss the quokka.
You hit the centaur skeleton but do no damage.
The centaur skeleton barely misses you.
The centaur skeleton closely misses you.
The quokka barely misses you.
You miss the quokka. You hit the centaur skeleton.
The centaur skeleton closely misses you.
The centaur skeleton kicks you but does no damage.
The quokka bites you but does no damage.
You hit the quokka.
The quokka is moderately wounded.
You hit the centaur skeleton. The centaur skeleton hits you.
The centaur skeleton kicks you. The quokka closely misses you.
Okay, then.
You aren't carrying any potions.
Aiming: Throw Flame
Press: ? - help, Shift-Dir - straight line, f - quokka
Aim: a quokka (moderately wounded, 56% to hit)
The puff of flame hits the quokka but does no damage.
The quokka is moderately wounded.
The quokka misses you.
You hit the quokka.
The quokka is almost dead.
You hit the ogre. The quokka closely misses you.
You hit the quokka.
You kill the quokka!
You barely miss the ogre. The ogre hits you with a +0 giant club!
Ouch! That really hurt!
You die...

#........#
#........##
#.
#?(.......##
#..
#######..#.##
#..#
#.O.###.##
#.. #.?##
##Z## ..> #.#
##o###.# ...
##O#†.# ...
##@# .. ###


You could see an ogre, an orc and a centaur skeleton.

Vanquished Creatures
  An adder skeleton (D:4)
  A ball python (D:3)
  A kobold (D:3)
  A quokka (D:3)
  A bat (D:3)
5 creatures vanquished.

Notes
Turn   | Place    | Note
-------+----------+-------------------------------------------
     0 | D:5      | croobank the Demigod Delver began the quest for the Orb.
     0 | D:5      | Reached XP level 1. HP: 18/18 MP: 3/3
    37 | D:4      | Found Huqeitsa's Book Shoppe.
   111 | D:4      | Noticed a scorpion
   111 | D:4      | Found Iffogrea's Weapon Emporium.
   139 | D:3      | Noticed an ogre
   157 | D:3      | Mangled by an ogre

Illustrated notes

Levels and vault maps discovered:
D:3:      layout_rooms, minmay_box_of_dots
D:4:      layout_rooms, serial_shops, nicolae_shop_behind_doors,
          nicolae_shop_bloodbath_and_beyond, nicolae_take_the_stairs,
          chequers_serial_rivers_small_3, serial_park_tiny_2, uniq_ijyb,
          uniq_grinder, uniq_edmund
D:5:      layout_loops_corners

Action                   || total
-------------------------++-------
Melee: Hand axe          ||    18
Evoke: Wand              ||     4
  Use: Scroll            ||     2
       Potion            ||     1
 Stab: Sleeping          ||     1
Armor: Leather armour    ||    12
Dodge: Dodged            ||    14

Table legend: (Time is in decaauts)
 A = Elapsed time spent in this place.
 B = Non-inter-level travel time spent in this place.
 C = Inter-level travel time spent in this place.
 D = Time resting spent in this place.
 E = Time spent auto-exploring this place.
 F = Levels seen in this place.
 G = Mean time per level.
                   A        B        C        D        E       F      G
               +--------+--------+--------+--------+--------+-----+--------+
         Total |    148 |    148 |      0 |      0 |     62 |   3 |   49.3 |
       Dungeon |    148 |    148 |      0 |      0 |     62 |   3 |   49.3 |
               +--------+--------+--------+--------+--------+-----+--------+

Top non-repeatable levels by time:
     D:4: 75 daAuts
     D:5: 46 daAuts
     D:3: 26 daAuts
